 Dungeon Crawl Stone Soup version 0.26.1-2-gb8aa6d0cf2 (webtiles) character file.

Game seed: 17193234274489520748

35 CrawlAlarm the Ducker (level 3, 0/17 HPs)
             Began as a Spriggan Transmuter on Feb 14, 2021.
             Succumbed to an adder's poison
             ... on level 2 of the Dungeon.
             The game lasted 00:05:39 (1841 turns).

CrawlAlarm the Ducker (Spriggan Transmuter)         Turns: 1841, Time: 00:05:40

Health: 0/17       AC:  2    Str:  6    XL:     3   Next: 17%
Magic:  9/9        EV: 19    Int: 14    God:
Gold:   47         SH:  0    Dex: 17    Spells: 8/9 levels left

rFire    + . .     SeeInvis +     - Unarmed
rCold    + . .     Faith    .   (shield restricted)
rNeg     . . .     Spirit   .   a - +0 robe
rPois    +         Reflect  .   (helmet restricted)
rElec    +         Harm     .   (no cloak)
rCorr    +         Rampage  .   (gloves unavailable)
Will     .....                  (boots unavailable)
Stlth    ++........             (no amulet)
HPRegen  0.05/turn              (no ring)
MPRegen  0.11/turn              (no ring)

@: lethally poisoned (0 -> -1), resistant, attractive, very quick
A: very small, unfitting armour, see invisible, speed 3
a: no special abilities


You were on level 2 of the Dungeon.
You visited 1 branch of the dungeon, and saw 2 of its levels.

You collected 47 gold pieces.

Inventory:

Armour
 a - a +0 robe (worn)
 h - a +2 buckler
Scrolls
 b - 2 scrolls of identify
 c - 2 scrolls of teleportation
 d - a scroll of random uselessness {unknown}
 e - a scroll of fog {unknown}
Potions
 g - a potion of resistance
 i - a potion of flight {unknown}


   Skills:
 - Level 0.7 Fighting
 * Level 3.9 Dodging
 - Level 2.4 Unarmed Combat
 * Level 3.5 Spellcasting
 * Level 3.5 Transmutations


You had 8 spell levels left.
You knew the following spells:

 Your Spells              Type           Power        Failure   Level
z - Beastly Appendage     Tmut           24%          4%          1

Your spell library contained the following spells:

 Spells                   Type           Power        Failure   Level
 Wereblood                Tmut           12%          7%          2
 Spider Form              Tmut/Pois      3%           30%         3
 Ice Form                 Ice/Tmut       7%           69%         4
 Blade Hands              Tmut           6%           78%         5


Dungeon Overview and Level Annotations

Branches:
Dungeon (2/15)

Altars:


Innate Abilities, Weirdness & Mutations

You are very small and have problems with some larger weapons.
You are too small for most types of armour.
You have supernaturally acute eyesight. (SInv)
You cover ground extremely quickly.


Message History

You feel sick. The adder bites you.
* * * LOW HITPOINT WARNING * * *
The adder misses you.
* * * LOW HITPOINT WARNING * * *
You feel sick.
It was a potion of resistance.
You feel protected.
Your horns disappear.
Your talons disappear.
* * * LOW HITPOINT WARNING * * *
You feel sick.
It was a potion of attraction.
You feel attractive to monsters.
The goblin is pulled toward you! x2; The hobgoblin is pulled toward you!
The goblin is pulled toward you!
The goblin is pulled toward you! x2; The hobgoblin is pulled toward you!
The goblin is pulled toward you! The hobgoblin is pulled toward you!
The rat is pulled toward you!
The goblin is pulled toward you! x2; The hobgoblin is pulled toward you!
The rat is pulled toward you!
You die...

### ....(. #.# .#...
###.##.... #...#...#
#)#.#...# ##.#<#..#
#.S#(..# ####.##...#
#....#.@..#
###.#......##
..........S##
##...>.#.gg.##
###.....)g..# .# .
..$.#...r#.####....
#.#....##.#........#
#...(#.###.##........
#..............#..###


You could see an adder, a hobgoblin, 2 goblins and a rat.

Vanquished Creatures
  4 dart slugs (D:1)
  2 leopard geckos
  2 giant cockroaches
  5 goblins
  A hobgoblin (D:2)
  A quokka (D:1)
  4 bats (D:1)
  A frilled lizard (D:2)
  3 kobolds
  2 rats (D:1)
25 creatures vanquished.

Notes
Turn   | Place    | Note
-------+----------+-------------------------------------------
     0 | D:1      | CrawlAlarm the Spriggan Transmuter began the quest for the
                  | Orb.
     0 | D:1      | Reached XP level 1. HP: 9/9 MP: 5/5
   132 | D:1      | Reached XP level 2. HP: 10/14 MP: 7/7
  1284 | D:2      | Reached XP level 3. HP: 17/17 MP: 8/8
  1841 | D:2      | Succumbed to an adder's poison

Illustrated notes

Levels and vault maps discovered:
D:1:      wander_arrival_desolate, layout_loops_ring
D:2:      layout_rooms, uniq_robin

Skill      XL: |  1 |
---------------+----+-----
Spellcasting   | 3 |  3.5
Transmutations | 3 |  3.5
Fighting       | |  0.7
Dodging        | |  3.9
Unarmed Combat | |  2.4

Action                   || total
-------------------------++-------
Melee: Unarmed           ||   106
       Kick              ||    24
       Headbutt          ||    10
 Cast: Beastly Appendage ||    15
  Use: Scroll            ||     2
       Potion            ||     2
 Stab: Sleeping          ||     2
Armor: Robe              ||     4
Dodge: Dodged            ||   102
